[ AOE2 MATCH · #495335629 ]
UnrankedVikings vs Slavs
Player's team · WIN
Rival team · LOSS
[ REPLAY ANALYSIS · EXTRACTED FROM THE RECORDED GAME ]
Feudal
9:29
Castle
20:02
Imperial
33:46
| APM avg | 47.7 |
| APM peak | 93 |
| eAPM avg | 22.1 |
| Villagers / military | 104 / 57 |
Focus
⚔️ 32.3% · 🌾 67.7%
Archer ×49 · Mangonel ×3 · Spearman ×3 · Monk ×2
Feudal
8:48
Castle
22:04
Imperial
—
| APM avg | 41.8 |
| APM peak | 77 |
| eAPM avg | 22.2 |
| Villagers / military | 76 / 64 |
Focus
⚔️ 43.9% · 🌾 56.1%
Knight ×29 · Skirmisher ×27 · Scout Cavalry ×6 · Monk ×2
Match map
Initial resources + every placement click. Lines = walls · curves = elevation contours. ◆ gold · ⬟ stone · ● berries · ✦ relic · ◌ wall gap
Your base· ✓ Closed at 20:02 · 38t walls · no gate
EliteJaguar's base· ✓ Closed at 22:04 · 38t walls · 1 gate(s)
Smoothed initial terrain · ◌ = detected wall gap · hover for details
Inputs per minute
— flxpa21 - - EliteJaguar
Build order — flxpa21
First 150 of 258 actions detected
| 0:01 | Create | Villager (Male) ×4 |
| 0:02 | Build | House |
| 0:04 | Build | House |
| 1:24 | Create | Villager (Male) |
| 1:41 | Create | Villager (Male) |
| 1:41 | Create | Villager (Male) |
| 1:44 | Build | Lumber Camp |
| 1:51 | Build | Lumber Camp |
| 2:04 | Create | Villager (Male) |
| 2:44 | Create | Villager (Male) |
| 3:05 | Build | House |
| 3:11 | Create | Villager (Male) |
| 3:11 | Create | Villager (Male) |
| 3:39 | Create | Villager (Male) |
| 3:54 | Create | Villager (Male) |
| 4:27 | Create | Villager (Male) |
| 4:39 | Build | Mill |
| 4:48 | Create | Villager (Male) |
| 4:48 | Create | Villager (Male) |
| 5:35 | Create | Villager (Male) |
| 5:35 | Create | Villager (Male) |
| 6:08 | Create | Villager (Male) |
| 6:22 | Create | Villager (Male) |
| 6:26 | Research | Loom |
| 6:28 | Create | Villager (Male) |
| 6:30 | Research | Loom |
| 6:32 | Build | House |
| 7:11 | Research | Feudal Age |
| 7:48 | Build | Palisade Wall |
| 8:01 | Build | Barracks |
| 8:09 | Build | Mining Camp |
| 8:22 | Build | Palisade Wall |
| 8:23 | Build | Palisade Wall |
| 9:06 | Build | Palisade Wall |
| 9:16 | Create | Villager (Male) |
| 9:23 | Create | Villager (Male) |
| 9:29 | Age | Feudal Age |
| 9:34 | Build | Archery Range |
| 9:46 | Research | Double-Bit Axe |
| 9:54 | Build | Palisade Wall |
| 10:04 | Create | Villager (Male) |
| 10:10 | Create | Villager (Male) |
| 10:18 | Create | Archer |
| 10:22 | Build | House |
| 10:44 | Create | Villager (Male) |
| 10:46 | Research | Horse Collar |
| 10:49 | Build | House |
| 10:50 | Build | House |
| 10:59 | Build | Palisade Gate |
| 11:01 | Build | House |
| 11:08 | Create | Spearman |
| 11:14 | Build | Palisade Wall |
| 11:16 | Build | Palisade Wall |
| 11:19 | Build | Palisade Wall |
| 11:21 | Build | Palisade Wall |
| 11:26 | Build | Palisade Wall |
| 11:29 | Create | Spearman |
| 11:29 | Create | Villager (Male) |
| 11:34 | Build | Farm |
| 11:35 | Build | Farm |
| 11:44 | Create | Villager (Male) |
| 11:49 | Create | Archer |
| 12:08 | Build | Mill |
| 12:13 | Build | Palisade Wall |
| 12:15 | Create | Archer |
| 12:29 | Create | Villager (Male) |
| 12:39 | Build | Farm |
| 12:41 | Create | Villager (Male) |
| 12:45 | Create | Archer |
| 12:52 | Build | House |
| 12:52 | Build | House |
| 13:01 | Create | Villager (Male) |
| 13:24 | Build | House |
| 13:28 | Build | Farm |
| 13:35 | Create | Archer |
| 14:02 | Build | Farm |
| 14:04 | Create | Villager (Male) |
| 14:05 | Create | Villager (Male) |
| 14:07 | Create | Archer |
| 14:20 | Build | Palisade Wall |
| 14:22 | Build | Palisade Wall |
| 14:24 | Create | Spearman |
| 14:25 | Create | Villager (Male) |
| 14:31 | Build | Farm |
| 14:38 | Build | Farm |
| 14:55 | Build | Farm |
| 15:01 | Build | Farm |
| 15:06 | Create | Villager (Male) |
| 15:17 | Build | House |
| 15:31 | Create | Archer |
| 15:31 | Create | Archer |
| 15:33 | Create | Archer |
| 15:41 | Create | Villager (Male) |
| 15:56 | Build | Blacksmith |
| 16:03 | Create | Archer |
| 16:03 | Create | Villager (Male) |
| 16:11 | Create | Villager (Male) |
| 16:14 | Build | Farm |
| 16:39 | Build | Farm |
| 16:45 | Build | Farm |
| 16:56 | Build | House |
| 17:05 | Build | House |
| 17:08 | Build | Palisade Wall |
| 17:22 | Research | Castle Age |
| 17:22 | Research | Castle Age |
| 17:32 | Create | Archer |
| 17:37 | Build | Lumber Camp |
| 18:03 | Research | Fletching |
| 18:05 | Research | Gold Mining |
| 18:13 | Create | Archer |
| 19:48 | Create | Villager (Male) |
| 20:02 | Age | Castle Age |
| 20:03 | Research | Bodkin Arrow |
| 20:03 | Research | Bodkin Arrow |
| 20:03 | Research | Crossbowman (upgrade) |
| 20:07 | Create | Villager (Male) |
| 20:12 | Build | Town Center |
| 20:19 | Create | Villager (Male) |
| 21:09 | Create | Villager (Male) |
| 21:10 | Create | Villager (Male) |
| 21:11 | Create | Archer ×5 |
| 21:32 | Build | Town Center |
| 21:39 | Create | Archer |
| 21:54 | Create | Villager (Male) ×5 |
| 22:31 | Create | Villager (Male) |
| 22:31 | Create | Villager (Male) |
| 22:34 | Build | Archery Range |
| 22:36 | Create | Villager (Male) |
| 22:37 | Create | Villager (Male) |
| 22:41 | Create | Villager (Male) |
| 22:45 | Create | Villager (Male) |
| 22:45 | Build | Farm |
| 23:28 | Build | Siege Workshop |
| 23:31 | Research | Bow Saw |
| 23:36 | Create | Villager (Male) |
| 23:36 | Create | Villager (Male) |
| 23:38 | Build | Farm |
| 23:45 | Build | Farm |
| 23:47 | Create | Villager (Male) |
| 23:47 | Create | Villager (Male) |
| 23:47 | Create | Villager (Male) |
| 23:47 | Create | Villager (Male) |
| 23:48 | Create | Villager (Male) |
| 23:48 | Create | Villager (Male) |
| 23:48 | Create | Villager (Male) |
| 23:55 | Create | Villager (Male) |
| 24:01 | Create | Villager (Male) |
| 24:03 | Build | House |
| 24:04 | Build | House |
| 24:08 | Create | Mangonel |
Build order — EliteJaguar
First 150 of 252 actions detected
| 0:00 | Create | Villager (Male) |
| 0:02 | Build | House |
| 0:02 | Build | House |
| 0:11 | Create | Villager (Male) |
| 0:12 | Create | Villager (Male) |
| 0:15 | Create | Villager (Male) |
| 0:15 | Create | Villager (Male) |
| 1:44 | Create | Villager (Male) |
| 1:44 | Create | Villager (Male) |
| 2:09 | Create | Villager (Male) |
| 2:09 | Create | Villager (Male) |
| 2:19 | Create | Villager (Male) |
| 2:42 | Create | Villager (Male) |
| 2:42 | Create | Villager (Male) |
| 3:01 | Create | Villager (Male) |
| 3:01 | Create | Villager (Male) |
| 3:05 | Build | Mill |
| 3:43 | Create | Villager (Male) |
| 3:53 | Build | House |
| 4:02 | Create | Villager (Male) |
| 4:14 | Create | Villager (Male) |
| 4:21 | Build | Lumber Camp |
| 5:04 | Create | Villager (Male) |
| 5:32 | Create | Villager (Male) |
| 5:58 | Research | Loom |
| 5:58 | Research | Loom |
| 6:38 | Research | Feudal Age |
| 6:38 | Research | Feudal Age |
| 7:30 | Build | Barracks |
| 8:42 | Create | Villager (Male) |
| 8:48 | Age | Feudal Age |
| 8:49 | Build | Stable |
| 8:57 | Research | Double-Bit Axe |
| 8:57 | Research | Double-Bit Axe |
| 9:20 | Create | Villager (Male) |
| 9:20 | Create | Villager (Male) |
| 9:31 | Create | Scout Cavalry |
| 9:34 | Create | Scout Cavalry |
| 9:34 | Create | Scout Cavalry |
| 9:37 | Build | Mill |
| 9:55 | Research | Horse Collar |
| 9:56 | Research | Horse Collar |
| 10:00 | Build | House |
| 10:04 | Build | Palisade Wall |
| 10:08 | Create | Scout Cavalry |
| 10:12 | Create | Villager (Male) |
| 10:19 | Build | Farm |
| 10:31 | Build | Palisade Wall |
| 10:34 | Build | Palisade Wall |
| 10:43 | Create | Villager (Male) |
| 10:44 | Create | Villager (Male) |
| 10:45 | Create | Villager (Male) |
| 10:54 | Build | Palisade Wall |
| 11:03 | Create | Villager (Male) |
| 11:20 | Build | Farm |
| 11:34 | Build | Farm |
| 11:41 | Create | Scout Cavalry |
| 11:45 | Build | Farm |
| 11:51 | Create | Villager (Male) |
| 12:22 | Create | Villager (Male) |
| 12:35 | Build | House |
| 12:37 | Build | Palisade Wall |
| 12:39 | Build | House |
| 12:40 | Build | Palisade Wall |
| 12:42 | Build | Palisade Wall |
| 12:49 | Create | Villager (Male) |
| 12:56 | Build | House |
| 13:18 | Create | Villager (Male) |
| 13:23 | Build | Archery Range |
| 13:37 | Create | Villager (Male) |
| 13:51 | Build | Blacksmith |
| 14:01 | Create | Skirmisher |
| 14:01 | Create | Skirmisher |
| 14:08 | Create | Skirmisher |
| 14:08 | Create | Skirmisher |
| 14:15 | Create | Villager (Male) |
| 14:16 | Create | Villager (Male) |
| 14:24 | Build | Farm |
| 14:28 | Build | Farm |
| 14:51 | Build | Farm |
| 14:56 | Create | Skirmisher |
| 14:58 | Research | Fletching |
| 15:02 | Create | Villager (Male) |
| 15:03 | Create | Skirmisher |
| 15:22 | Build | Lumber Camp |
| 15:27 | Create | Villager (Male) |
| 15:31 | Build | Farm |
| 15:37 | Create | Skirmisher |
| 15:50 | Create | Villager (Male) |
| 15:55 | Create | Skirmisher |
| 16:03 | Build | Farm |
| 16:11 | Build | Farm |
| 16:13 | Create | Villager (Male) |
| 16:23 | Build | Mining Camp |
| 16:26 | Create | Villager (Male) |
| 16:38 | Build | Farm |
| 16:54 | Create | Skirmisher |
| 16:55 | Create | Skirmisher |
| 17:04 | Create | Villager (Male) |
| 17:13 | Build | Farm |
| 17:19 | Build | Farm |
| 17:19 | Build | Farm |
| 17:28 | Build | Palisade Wall |
| 17:29 | Build | Palisade Wall |
| 17:30 | Build | Palisade Wall |
| 17:36 | Create | Villager (Male) |
| 17:51 | Build | Palisade Gate |
| 17:51 | Build | Palisade Wall |
| 18:02 | Create | Villager (Male) |
| 18:17 | Build | Farm |
| 18:17 | Build | Farm |
| 18:26 | Create | Villager (Male) |
| 18:49 | Create | Villager (Male) |
| 18:55 | Build | Farm |
| 19:22 | Research | Padded Archer Armor |
| 19:24 | Research | Castle Age |
| 19:31 | Build | Farm |
| 19:31 | Build | Farm |
| 19:33 | Build | Farm |
| 19:38 | Create | Skirmisher |
| 19:38 | Create | Skirmisher |
| 19:38 | Create | Skirmisher |
| 19:39 | Create | Skirmisher |
| 19:39 | Create | Skirmisher |
| 19:45 | Research | Gold Mining |
| 20:03 | Build | Lumber Camp |
| 20:10 | Build | House |
| 20:59 | Create | Skirmisher |
| 20:59 | Create | Skirmisher |
| 21:25 | Create | Skirmisher |
| 21:32 | Build | Archery Range |
| 22:04 | Age | Castle Age |
| 22:05 | Build | House |
| 22:07 | Research | Bow Saw |
| 22:08 | Create | Villager (Male) |
| 22:13 | Build | Market |
| 22:18 | Research | Elite Skirmisher (upgrade) |
| 22:19 | Research | Elite Skirmisher (upgrade) |
| 22:20 | Research | Bodkin Arrow |
| 22:23 | Build | Farm |
| 22:23 | Build | Farm |
| 22:33 | Create | Skirmisher |
| 22:33 | Create | Skirmisher |
| 22:35 | Create | Villager (Male) |
| 22:52 | Create | Villager (Male) |
| 23:04 | Create | Villager (Male) |
| 23:09 | Create | Skirmisher |
| 23:09 | Create | Skirmisher |
| 23:09 | Create | Skirmisher |
| 23:27 | Create | Villager (Male) |
Match timeline
| 7:30 | EliteJaguar · first_building Barracks |
| 7:48 | flxpa21 · wall_segment Palisade Wall x5 |
| 8:01 | flxpa21 · first_building Barracks |
| 8:22 | flxpa21 · wall_segment Palisade Wall x7 |
| 8:23 | flxpa21 · wall_segment Palisade Wall x1 |
| 8:48 | EliteJaguar · age_up feudal |
| 8:49 | EliteJaguar · first_building Stable |
| 9:06 | flxpa21 · wall_segment Palisade Wall x3 |
| 9:29 | flxpa21 · age_up feudal |
| 9:34 | flxpa21 · first_building Archery Range |
| 9:54 | flxpa21 · wall_segment Palisade Wall x1 |
| 10:04 | EliteJaguar · wall_segment Palisade Wall x10 |
| 10:31 | EliteJaguar · wall_segment Palisade Wall x1 |
| 10:34 | EliteJaguar · wall_segment Palisade Wall x5 |
| 10:54 | EliteJaguar · wall_segment Palisade Wall x13 |
| 11:14 | flxpa21 · wall_segment Palisade Wall x1 |
| 11:16 | flxpa21 · wall_segment Palisade Wall x1 |
| 11:19 | flxpa21 · wall_segment Palisade Wall x1 |
| 11:21 | flxpa21 · wall_segment Palisade Wall x1 |
| 11:26 | flxpa21 · wall_segment Palisade Wall x1 |
| 12:13 | flxpa21 · wall_segment Palisade Wall x1 |
| 12:37 | EliteJaguar · wall_segment Palisade Wall x3 |
| 12:40 | EliteJaguar · wall_segment Palisade Wall x1 |
| 12:42 | EliteJaguar · wall_segment Palisade Wall x1 |
| 13:23 | EliteJaguar · first_building Archery Range |
| 14:20 | flxpa21 · wall_segment Palisade Wall x9 |
| 14:22 | flxpa21 · wall_segment Palisade Wall x4 |
| 17:08 | flxpa21 · wall_segment Palisade Wall x3 |
| 17:28 | EliteJaguar · wall_segment Palisade Wall x1 |
| 17:29 | EliteJaguar · wall_segment Palisade Wall x1 |
| 17:30 | EliteJaguar · wall_segment Palisade Wall x1 |
| 17:51 | EliteJaguar · wall_segment Palisade Wall x1 |
| 20:02 | flxpa21 · age_up castle |
| 22:04 | EliteJaguar · age_up castle |
| 23:28 | flxpa21 · first_building Siege Workshop |
| 24:16 | flxpa21 · first_building Monastery |
| 24:43 | EliteJaguar · first_building Monastery |
| 30:25 | flxpa21 · first_building Castle |
| 32:18 | EliteJaguar · first_market_sell 100 food |
| 33:46 | flxpa21 · age_up imperial |
| 33:52 | flxpa21 · first_market_sell 100 food |
| 34:00 | EliteJaguar · resign |
[ AI ANALYSIS · 1 CREDIT ]
What really happened in this match?
Wolo.gg analyzes every decision: build order, eco, micro, common mistakes by bracket. Personalized analysis on WhatsApp or Discord in 30 seconds.
Civ guide
Vikings
Perfil
Jugador #23543003